 Dungeon Crawl Stone Soup version 0.30.0-16-gbe6223bb7e (webtiles) character file.

Game seed: 1172336496481374501

77405 browni3141 the Eclecticist (level 15, 0/103 HPs)
             Began as a Mummy Summoner on May 19, 2023.
             Was the Champion of Kikubaaqudgha.
             Slain by a spectral fenstrider witch (5 damage)
             ... called from beyond by a ghost crab
             ... on level 2 of the Swamp on May 20, 2023.
             The game lasted 02:06:18 (9779 turns).

browni3141 the Eclecticist (Mummy Summoner)         Turns: 9779, Time: 02:06:19

Health: 0/103      AC: 11    Str: 13    XL:     15   Next: 15%
Magic:  14/34      EV: 12    Int: 32    God:    Kikubaaqudgha [******]
Gold:   1236       SH: 11    Dex: 13    Spells: 9/44 levels left

rFire   x . .        n - +8 demon trident "Rift" {distort, reach+}
rCold   + + .        N - +0 buckler
rNeg    + + +        L - +3 leather armour {rC+}
rPois   ∞            (no helmet)
rElec   .            o - +0 cloak
rCorr   .            U - +2 pair of gloves
SInv    .            A - +0 pair of boots
Will    +....        T - amulet of reflection
Stlth   ++           z - +6 ring of intelligence
HPRegen 0.37/turn    X - +6 ring of intelligence
MPRegen 0.24/turn

%: reflection, faith
@: no status effects
A: cold resistance 1, negative energy resistance 3, torment resistance 2, heat
vulnerability 1, in touch with death 2, no potions, faith
a: Renounce Religion, Unearth Wretches, Torment


You were on level 2 of the Swamp.
You worshipped Kikubaaqudgha.
Kikubaaqudgha was exalted by your worship.
You visited 5 branches of the dungeon, and saw 18 of its levels.
You also visited: Ossuary.

You collected 1236 gold pieces.

Inventory:

Hand Weapons
 n - the +8 demon trident "Rift" (weapon) {distort, reach+}
   (You found it on level 2 of the Swamp)
Missiles
 G - 21 poisoned darts
 J - 5 curare-tipped darts (quivered)
 Z - 9 throwing nets
Armour
 o - a +0 cloak (worn)
 A - a +0 pair of boots (worn)
 B - a +0 kite shield
 L - a +3 leather armour of cold resistance (worn)
 N - a +0 buckler (worn)
 U - a +2 pair of gloves (worn)
 Y - the +2 chain mail "Boaxis" {Regen+ Str+4 Stlth+}
   (You found it on level 7 of the Dungeon)

   Str:       It affects your strength (+4).
   Regen:     It increases your rate of health regeneration.
   Stlth:     It makes you more stealthy.
Jewellery
 s - a ring of see invisible
 t - a ring of protection from fire
 v - a ring of willpower
 w - a +5 ring of evasion
 z - a +6 ring of intelligence (left hand)
 E - a ring of resist corrosion
 T - an amulet of reflection (around neck)
 V - a ring of protection from cold
 X - a +6 ring of intelligence (right hand)
Wands
 p - a wand of polymorph (10)
 q - a wand of quicksilver (6)
 C - a wand of mindburst (2)
 I - a wand of iceblast (5)
 P - a wand of paralysis (6)
Scrolls
 b - 3 scrolls of silence
 d - 4 scrolls of vulnerability
 r - 3 scrolls of identify
 u - a scroll of brand weapon
 x - 2 scrolls of blinking
 F - 2 scrolls of fog
 H - a scroll of immolation
 M - 2 scrolls of enchant weapon
 O - 10 scrolls of teleportation
 Q - 2 scrolls of enchant armour
 R - 4 scrolls of magic mapping
 S - 3 scrolls of torment
 W - 2 scrolls of poison
Miscellaneous
 D - a tin of tremorstones (1/2)


   Skills:
 - Level 5.0 Fighting
 - Level 6.0 Polearms
 - Level 4.0 Dodging
 - Level 4.0 Stealth
 * Level 7.5 Shields
 - Level 15.0 Spellcasting
 - Level 4.0 Hexes
 * Level 6.8 Summonings
 * Level 14.2 Necromancy
 - Level 8.0 Ice Magic
 - Level 6.0 Earth Magic


You had 9 spell levels left.
You knew the following spells:

 Your Spells              Type           Power      Damage    Failure   Level
a - Call Canine Familiar  Summ           61%        N/A       1%          3
b - Anguish               Hex/Necr       55%        N/A       1%          4
c - Borgnjor's Vile Clut  Necr/Erth      58%        N/A       1%          5
d - Animate Dead          Necr           100%       N/A       1%          4
e - Simulacrum            Ice/Necr       60%        N/A       4%          6
f - Haunt                 Necr/Summ      58%        N/A       34%         7
g - Summon Guardian Gole  Hex/Summ       56%        N/A       1%          3
v - Vampiric Draining     Necr           100%       2d13      1%          3

Your spell library contained the following spells:

 Spells                   Type           Power      Damage    Failure   Level
 Necrotise                Necr           100%       1d9       0%          1
 Freeze                   Ice            100%       1d10      1%          1
 Kiss of Death            Conj/Necr      100%       2d13      1%          1
 Summon Small Mammal      Summ           100%       N/A       1%          1
 Call Imp                 Summ           100%       N/A       1%          2
 Frozen Ramparts          Ice            100%       1d16      1%          3
 Hailstorm                Conj/Ice       49%        3d11      1%          3
 Tukima's Dance           Hex            49%        N/A       1%          3
 Agony                    Necr           100%       N/A       1%          5
 Apportation              Tloc           48%        N/A       3%          1
 Summon Lightning Spire   Summ/Air       45%        N/A       8%          4
 Passage of Golubria      Tloc           24%        N/A       30%         4
 Yara's Violent Unravell  Hex/Tmut       18%        3d9       36%         5
 Infestation              Necr           65%        N/A       50%         8
 Alistair's Intoxication  Tmut/Pois      16%        N/A       63%         5


Dungeon Overview and Level Annotations

Branches:
Dungeon (9/15)             Temple (1/1) D:6            Lair (5/5) D:8
  Swamp (2/4) Lair:3       Spider (1/4) Lair:2        Slime (0/5) Lair:5
Ossuary (visited)
    Orc: D:9-12

Altars:
Cheibriados
Dithmenos
Hepliaklqana
Kikubaaqudgha
Nemelex Xobeh
Sif Muna
Trog
Jiyva
Lugonu

Shops:
D:4 :   D:7 !

Portals:
Abyss: Lair:5

Annotations:
D:4 1 runed translucent door, hattop's ghost, amateur DrTm


Innate Abilities, Weirdness & Mutations

You are immune to poison.
Your flesh is cold resistant. (rC+)
You are immune to negative energy. (rN+++)
You are immune to unholy pain and torment.
You are vulnerable to heat. (rF-)
You are strongly in touch with the powers of death.
You do not drink.
You have a special connection with the divine. (Faith)


Message History

The ghost crab breathes spectral mist at you.
The spectral mist engulfs the spectral death drake but does no damage.
Your ghost crab zombie barely misses the spriggan rider.
Your ghost crab zombie claws the spriggan rider.
The spectral spriggan berserker hits your ghost crab zombie!
The spectral fenstrider witch hits you.
The spectral fenstrider witch kicks you but does no damage.
Your swamp worm zombie bites the spectral fenstrider witch!
The spriggan rider is engulfed in spectral mist.
The spectral fenstrider witch closely misses you.
The spectral fenstrider witch kicks you!
The spriggan rider is engulfed in spectral mist.
The hornet dies!
The spriggan falls from its now dead mount.
You block the spriggan's attack.
Your tyrant leech zombie bites the spectral fenstrider witch but does no damage.
The spectral spriggan berserker hits your ghost crab zombie.
Your swamp worm zombie bites the spectral fenstrider witch!!
Your tyrant leech zombie bites the ghost crab!!
Your ghost crab zombie bites the spectral spriggan berserker.
Your ghost crab zombie claws the spectral spriggan berserker.
The spectral death drake bites your bunyip simulacrum but does no damage.
The spectral fenstrider witch hits you!
* * * LOW HITPOINT WARNING * * *
The spectral fenstrider witch kicks you.
* * * LOW HITPOINT WARNING * * *
The spectral spriggan berserker hits your ghost crab zombie but does no damage.
Your swamp worm zombie bites the spectral fenstrider witch but does no damage.
The spectral death drake misses your spriggan zombie.
Your ghost crab zombie bites the spectral spriggan berserker.
Your ghost crab zombie claws the spectral spriggan berserker but does no damage.
Your tyrant leech zombie bites the ghost crab!!
What are your orders? t - Shout!
Orders for allies: a - Attack new target. r - Retreat! s - Stop attacking. g - Guard the area. f - Follow me.
Anything else - Cancel.
Gang up on whom?
Press: ? - help, Dir - move target, f - ghost crab
Aim: a ghost crab (spectral mist, severely damaged, ally target) Attack!
Your nine-headed hydra simulacrum bites the spriggan.
Your nine-headed hydra simulacrum freezes the spriggan!!
The spriggan dies!
Kikubaaqudgha accepts your kill.
You hear a splash.
The spectral death drake bites your spriggan zombie.
The spectral spriggan berserker hits your ghost crab zombie.
The spectral fenstrider witch barely misses you.
The spectral fenstrider witch kicks you but does no damage.
Your spriggan zombie hits the spectral death drake!
Your bunyip simulacrum claws the spectral death drake.
Your bunyip simulacrum freezes the spectral death drake!
The spectral death drake resists.
Your bunyip simulacrum closely misses the spectral death drake.
Your bunyip simulacrum claws the spectral death drake!
Your bunyip simulacrum freezes the spectral death drake!
The spectral death drake resists.
The spectral death drake is destroyed!
The spectral death drake fades away!
Your bunyip simulacrum barely misses the spectral spriggan berserker.
Your bunyip simulacrum claws the spectral spriggan berserker!
Your bunyip simulacrum freezes the spectral spriggan berserker!
The spectral spriggan berserker resists.
Your bunyip simulacrum claws the spectral spriggan berserker!
Your bunyip simulacrum freezes the spectral spriggan berserker!
The spectral spriggan berserker resists.
The spectral fenstrider witch misses you.
The spectral fenstrider witch kicks you.
* * * LOW HITPOINT WARNING * * *
The spectral spriggan berserker closely misses your bunyip simulacrum.
Your tyrant leech zombie bites the ghost crab!
The spectral spriggan berserker hits your bunyip simulacrum!
The ghost crab bites your tyrant leech zombie!
The ghost crab claws your tyrant leech zombie.
The spectral spriggan berserker fades away!
The spectral fenstrider witch hits you!
* * * LOW HITPOINT WARNING * * *
The spectral fenstrider witch kicks you!
* * * LOW HITPOINT WARNING * * *
Something hits your ghost crab zombie!
Your ghost crab zombie bites the ghost crab!
Your ghost crab zombie claws the ghost crab but does no damage.
Something hits your nine-headed hydra simulacrum!!
Your nine-headed hydra simulacrum vaporises!
The spectral spriggan berserker hits your bunyip simulacrum!!
The spectral fenstrider witch hits you!
* * * LOW HITPOINT WARNING * * *
The spectral fenstrider witch kicks you!
* * * LOW HITPOINT WARNING * * *
The ghost crab bites your ghost crab zombie!
The ghost crab claws your ghost crab zombie.
Your swamp worm zombie bites the spectral spriggan berserker.
The spectral fenstrider witch attacks as you move away!
The spectral fenstrider witch hits you.
* * * LOW HITPOINT WARNING * * *
The spectral fenstrider witch kicks you.
You die...
Kikubaaqudgha rasps: "You have failed me!
Welcome... oblivion!"

♣♣ ♣♣♣♣♣ ♣~~♣♣
♣♣♣.♣.♣♣♣ ~~...♣
♣♣..@.~..♣♣
..~☼☼○♣♣)..Z.~.~~♣♣
~.○°.tZZZZ°..~~.~~♣~♣♣
~~~☼°ZZZZ°~.~.~.~.~~.♣
..Z§○°ZZZ♣..~.~♣~...~
...○○°.Z~~.~~.~♣♣♣...
....~.♣.~○.♣.~..♣ $
.....♣♣♣.~♣.~..♣♣
..###♣♣.....~.♣♣


You could see a ghost crab (distracted, ally target), a spectral spriggan
berserker (summoned, ally target), a spectral fenstrider witch (summoned), a
friendly nine-headed hydra simulacrum, 3 friendly bunyip simulacra, 4 friendly
tyrant leech zombies, a friendly spriggan zombie, a friendly swamp worm zombie
and a friendly ghost crab zombie.

Vanquished Creatures
  An entropy weaver (Spider:1)
  2 hydras
  A boulder beetle (Spider:1)
  4 death yaks (Lair:5)
  2 thrashing horrors (Lair:5)
  A fire crab (Lair:4)
  A spriggan rider (Swamp:2)
  An orb spider (Spider:1)
  A steelbarb worm (Spider:1)
  An ugly thing (Lair:5)
  A wolf spider (Spider:1)
  4 elephants (Lair:4)
  A water nymph (shapeshifter) (Lair:5)
  A cane toad (Lair:5)
  A torpor snail (Spider:1)
  A rime drake (Lair:3)
  5 komodo dragons
  A tyrant leech (Swamp:2)
  4 tarantellas (Spider:1)
  A dream sheep (Lair:5)
  5 blink frogs
  2 culicivoras (Spider:1)
  2 jumping spiders
  A spriggan (Lair:5)
  2 ynoxinuls (Lair:5)
  A wyvern (Lair:3)
  Eustachio (D:5)
  A basilisk (Lair:5)
  8 yaks
  2 vampire mosquitoes (Swamp:1)
  6 small abominations (Lair:5)
  2 redbacks (Spider:1)
  3 swamp worms (Lair:3)
  A water moccasin (Lair:5)
  A black bear (D:7)
  A centaur (D:7)
  An elf zombie (Ossuary)
  5 bullfrogs
  A gnoll sergeant (D:7)
  A scorpion (D:7)
  An electric eel (Lair:4)
  A howler monkey (D:8)
  A human zombie (Ossuary)
  3 hounds (D:6)
  A sleepcap (D:6)
  6 gnolls
  An adder (D:5)
  2 white imps
  4 orcs
  2 ball pythons (D:2)
  A bat (D:2)
  An endoplasm (D:2)
  A goblin (D:1)
  3 hobgoblins
  2 jackals (D:6)
  A quokka (D:5)
  A goblin zombie (Ossuary)
  A hobgoblin zombie (Ossuary)
  A kobold (D:4)
  3 kobold zombies (Ossuary)
  4 orc zombies (Ossuary)
  A rat (D:2)
124 creatures vanquished.

Vanquished Creatures (collateral kills)
  Nikola (Swamp:1)
  Rupert (Lair:5)
  Frances (Swamp:1)
  An eleionoma (Swamp:1)
  3 bunyips
  2 ghost crabs
  5 hydras
  3 alligators
  7 death yaks (Lair:5)
  A thrashing horror (Lair:5)
  A skyshark (Lair:5)
  2 pharaoh ants (Spider:1)
  An orb spider (Spider:1)
  2 spriggan druids
  A spriggan rider (Swamp:2)
  A bog body (Swamp:1)
  6 wolf spiders (Spider:1)
  7 elephants
  A moth of wrath (Spider:1)
  A black mamba (Lair:5)
  A torpor snail (Spider:1)
  7 cane toads
  2 large abominations (Lair:5)
  A rime drake (Lair:1)
  4 komodo dragons
  An ancient zyme (Lair:5)
  A blink frog (shapeshifter) (Lair:5)
  3 hornets (Swamp:2)
  7 tarantellas (Spider:1)
  17 blink frogs
  4 tyrant leeches
  5 dream sheep (Lair:5)
  9 jumping spiders
  3 culicivoras (Spider:1)
  A ynoxinul (Lair:5)
  Sigmund (D:2)
  4 spriggans (Swamp:2)
  2 wyverns
  5 small abominations (Lair:5)
  11 yaks
  5 redbacks (Spider:1)
  3 basilisks (Lair:5)
  12 vampire mosquitoes (Swamp:1)
  5 swamp worms
  A cane toad zombie (Lair:5)
  4 water moccasins
  An orc warrior (D:8)
  A centaur (D:5)
  2 ogres
  A wolf (D:6)
  4 bullfrogs
  A gnoll sergeant (D:6)
  An electric eel (Lair:2)
  A centaur zombie (Ossuary)
  3 orc priests
  2 hounds
  A jelly (D:5)
  A sleepcap (D:6)
  A gnoll bouda (D:7)
  3 orc wizards
  2 iguanas
  2 mummies (Ossuary)
  16 gnolls
  4 adders
  4 white imps
  3 adder zombies (Ossuary)
  2 worms (D:5)
  A dart slug (D:5)
  10 orcs
  4 bats
  3 endoplasms
  2 giant cockroaches
  4 goblins
  4 hobgoblins
  9 jackals
  A quokka (D:5)
  3 ball pythons
  A frilled lizard (D:2)
  2 goblin zombies (Ossuary)
  6 hobgoblin zombies (Ossuary)
  3 kobold zombies (Ossuary)
  10 orc zombies (Ossuary)
  3 rats
  A rat zombie (Ossuary)
290 creatures vanquished.

Vanquished Creatures (others)
  3 hydras
  2 alligators
  A boulder beetle (Lair:5)
  Urug (Lair:2)
  A skyshark (Lair:5)
  A pharaoh ant (Lair:2)
  A goliath frog (Swamp:1)
  A swamp dragon (Swamp:1)
  A human zombie (Swamp:1)
  Pikel (D:9)
  A steelbarb worm (Spider:1)
  A goliath frog zombie (Swamp:1)
  5 elephants (Lair:4)
  A black mamba (Lair:5)
  2 demonic crawlers (Spider:1)
  5 cane toads
  A swamp worm zombie (Swamp:2)
  5 komodo dragons
  A hydra zombie (Lair:4)
  A polar bear (Lair:2)
  A hornet (Swamp:2)
  5 blink frogs
  A jumping spider (Lair:2)
  A wyvern (Lair:4)
  A ynoxinul (Lair:5)
  A black mamba zombie (Lair:5)
  2 spriggan zombies (Swamp:2)
  10 yaks
  A skyshark zombie (Lair:5)
  6 cane toad zombies
  3 water moccasins
  3 dream sheep zombies (Lair:5)
  An orc warrior (D:8)
  A swamp dragon zombie (Swamp:1)
  A hornet zombie (Swamp:2)
  5 elephant zombies
  4 blink frog zombies
  3 wolves (Lair:1)
  2 ogres (D:4)
  2 lemures (D:9)
  A rime drake zombie (Lair:1)
  A komodo dragon zombie (Lair:5)
  2 bullfrogs
  A gnoll sergeant (D:6)
  2 wyvern zombies
  5 water moccasin zombies
  3 wights (D:8)
  19 yak zombies
  3 killer bees (D:8)
  An electric eel (Lair:2)
  2 wolf zombies (Lair:1)
  5 bullfrog zombies
  An orc priest (D:8)
  2 gnoll boudas
  A basilisk zombie (Lair:5)
  A sleepcap (D:7)
  An iguana (D:4)
  5 gnolls
  A white imp (D:7)
147 creatures vanquished.

Grand Total: 561 creatures vanquished

Notes
Turn   | Place    | Note
-------+----------+-------------------------------------------
     0 | D:1      | browni3141 the Mummy Summoner began the quest for the Orb.
     0 | D:1      | Reached XP level 1. HP: 13/13 MP: 4/4
   106 | D:1      | Reached XP level 2. HP: 19/19 MP: 3/5
   119 | D:2      | Learned a level 2 spell: Call Imp
   292 | D:2      | Reached skill level 3 in Spellcasting
   292 | D:2      | Gained mutation: You are in touch with the powers of death.
                  | [Mummy growth]
   292 | D:2      | Reached XP level 3. HP: 12/24 MP: 3/7
   315 | D:2      | Noticed Sigmund
   354 | D:2      | Learned a level 3 spell: Call Canine Familiar
   377 | D:2      | Reached skill level 4 in Spellcasting
   571 | D:2      | Killed Sigmund
   572 | D:2      | Reached skill level 6 in Spellcasting
   572 | D:2      | Reached XP level 4. HP: 30/30 MP: 6/12
   572 | D:2      | Reached XP level 5. HP: 35/35 MP: 7/14
   803 | D:3      | Learned a level 3 spell: Summon Guardian Golem
   923 | D:4      | Found Tythoel's Book Shop.
   987 | D:4      | Found a runed translucent door.
   987 | D:4      | Noticed hattop's ghost (amateur DrTm)
   987 | D:4      | Noticed an ogre
   995 | D:4      | Killed an ogre
   996 | D:4      | Reached skill level 7 in Spellcasting
   996 | D:4      | Reached XP level 6. HP: 33/41 MP: 13/16
  1114 | D:4      | Reached skill level 8 in Spellcasting
  1268 | D:4      | Reached XP level 7. HP: 48/48 MP: 18/18
  1506 | D:5      | Entered Level 5 of the Dungeon
  1685 | D:5      | Noticed Eustachio
  1727 | D:5      | Killed Eustachio
  1728 | D:5      | Reached skill level 3 in Dodging
  1916 | D:6      | Reached XP level 8. HP: 33/56 MP: 10/20
  1942 | D:6      | Reached skill level 3 in Stealth
  2059 | D:6      | Reached skill level 3 in Shields
  2095 | D:6      | Found a staircase to the Ecumenical Temple.
  2104 | Temple   | Entered the Ecumenical Temple
  2122 | Temple   | Became a worshipper of Kikubaaqudgha
  2463 | D:8      | Found a sand-covered staircase.
  2468 | Ossuary  | Entered an ossuary
  2503 | Ossuary  | Reached * piety under Kikubaaqudgha
  2503 | Ossuary  | Received a gift from Kikubaaqudgha
  2510 | Ossuary  | Learned a level 3 spell: Vampiric Draining
  2515 | Ossuary  | Learned a level 4 spell: Animate Dead
  2601 | Ossuary  | Reached ** piety under Kikubaaqudgha
  2740 | D:8      | Found a shadowy altar of Dithmenos.
  2827 | D:8      | Reached skill level 3 in Necromancy
  2867 | D:7      | Identified the +2 chain mail "Boaxis" {Regen+ Str+4 Stlth+}
  2918 | D:8      | Found a snail-covered altar of Cheibriados.
  2972 | D:8      | Reached skill level 9 in Spellcasting
  2972 | D:8      | Reached XP level 9. HP: 61/61 MP: 15/22
  3067 | D:8      | Found a staircase to the Lair.
  3196 | D:9      | Noticed Pikel
  3210 | D:9      | Killed Pikel
  3211 | D:9      | Reached skill level 10 in Spellcasting
  3211 | D:9      | Reached skill level 6 in Necromancy
  3225 | D:9      | Noticed a sixfirhy
  3460 | D:7      | Reached *** piety under Kikubaaqudgha
  3460 | D:7      | Received a gift from Kikubaaqudgha
  3562 | D:7      | Found Xuwuha's Distillery.
  3913 | D:6      | Reached XP level 10. HP: 44/67 MP: 24/24
  4157 | D:8      | Learned a level 4 spell: Anguish
  4163 | D:8      | Learned a level 5 spell: Borgnjor's Vile Clutch
  4164 | Lair:1   | Entered Level 1 of the Lair of Beasts
  4412 | Lair:1   | Reached **** piety under Kikubaaqudgha
  4413 | Lair:1   | Reached skill level 3 in Hexes
  4417 | Lair:1   | Noticed a cane toad
  4427 | Lair:1   | Killed a cane toad
  4428 | Lair:1   | Reached skill level 3 in Earth Magic
  4704 | Lair:2   | Noticed a cane toad
  4717 | Lair:2   | Killed a cane toad
  4718 | Lair:2   | Reached skill level 6 in Earth Magic
  4785 | Lair:2   | Noticed a pharaoh ant
  4800 | Lair:2   | Killed a pharaoh ant
  4801 | Lair:2   | Reached XP level 11. HP: 46/72 MP: 1/25
  4836 | Lair:2   | Found a hole to the Spider Nest.
  4871 | Lair:2   | Reached skill level 9 in Necromancy
  5190 | Lair:2   | Reached skill level 11 in Spellcasting
  5283 | Lair:2   | Noticed Urug
  5302 | Lair:2   | Killed Urug
  5384 | Lair:2   | Learned a level 6 spell: Simulacrum
  5452 | Lair:3   | Noticed a seven-headed hydra
  5461 | Lair:3   | Killed a seven-headed hydra
  5499 | Lair:3   | Noticed an eight-headed hydra
  5505 | Lair:3   | Reached skill level 12 in Spellcasting
  5506 | Lair:3   | Killed an eight-headed hydra
  5506 | Lair:3   | Reached ***** piety under Kikubaaqudgha
  5641 | Lair:3   | Found a staircase to the Swamp.
  5676 | Lair:3   | Noticed an eight-headed hydra
  5681 | Lair:3   | Killed an eight-headed hydra
  5774 | Lair:4   | Noticed a five-headed hydra
  5794 | Lair:4   | Killed a five-headed hydra
  5826 | Lair:4   | Reached XP level 12. HP: 40/78 MP: 13/28
  5883 | Lair:4   | Reached skill level 13 in Spellcasting
  5942 | Lair:4   | Reached skill level 3 in Ice Magic
  6272 | Lair:4   | Reached skill level 12 in Necromancy
  6281 | Lair:4   | Reached skill level 14 in Spellcasting
  6600 | Lair:5   | Entered Level 5 of the Lair of Beasts
  6663 | Lair:5   | Noticed a death yak
  6663 | Lair:5   | Noticed a death yak
  6664 | Lair:5   | Noticed a death yak
  6664 | Lair:5   | Noticed a death yak
  6665 | Lair:5   | Noticed a death yak
  6673 | Lair:5   | Killed a death yak
  6675 | Lair:5   | Killed a death yak
  6678 | Lair:5   | Killed a death yak
  6679 | Lair:5   | Gained mutation: You are strongly in touch with the powers
                  | of death. [Mummy growth]
  6679 | Lair:5   | Reached XP level 13. HP: 83/83 MP: 1/31
  6682 | Lair:5   | Reached skill level 15 in Spellcasting
  6788 | Lair:5   | Noticed Rupert
  6789 | Lair:5   | Reached skill level 6 in Ice Magic
  7015 | Lair:5   | Killed Rupert
  7060 | Lair:5   | Found a viscous altar of Jiyva.
  7061 | Lair:5   | Found a staircase to the Slime Pits.
  7319 | Lair:5   | Reached skill level 3 in Fighting
  7572 | Lair:5   | Reached ****** piety under Kikubaaqudgha
  7597 | Lair:5   | Received a gift from Kikubaaqudgha
  7606 | Lair:5   | Learned a level 7 spell: Haunt
  7629 | Lair:5   | Reached XP level 14. HP: 93/95 MP: 1/33
  7880 | Lair:5   | Reached skill level 3 in Polearms
  7917 | Lair:5   | Found a corrupted altar of Lugonu.
  7917 | Lair:5   | Found a one-way gate to the infinite horrors of the Abyss.
  8094 | Spider:1 | Entered Level 1 of the Spider Nest
  8841 | Spider:1 | Reached skill level 6 in Shields
  9189 | Spider:1 | Identified the +8 broad axe "Migeyx" {holy, rPois rF- rC-
                  | Int+6}
  9283 | Swamp:1  | Entered Level 1 of the Swamp
  9326 | Swamp:1  | Noticed Nikola
  9334 | Swamp:1  | Killed Nikola
  9335 | Swamp:1  | Upgraded the game from 0.30.0-15-g856e2d3f33 to
                  | 0.30.0-16-gbe6223bb7e
  9371 | Swamp:1  | Reached skill level 6 in Summonings
  9410 | Swamp:1  | Noticed Frances
  9416 | Swamp:1  | Killed Frances
  9486 | Swamp:1  | Your ally Nikola died
  9661 | Swamp:2  | Reached XP level 15. HP: 103/103 MP: 6/34
  9693 | Swamp:2  | Reached skill level 6 in Polearms
  9719 | Swamp:2  | Found the +8 demon trident "Rift" {distort, reach+}
  9779 | Swamp:2  | HP: 5/103 [spectral fenstrider witch[a ghost crab] (6)]
  9779 | Swamp:2  | Slain by a spectral fenstrider witch

Illustrated notes

Levels and vault maps discovered:
D:1:      erik_arrival_blinker_ship, layout_basic,
          dreamdust_ecumenical_altar_hidden_monk_grotto,
          dreamdust_mushroom_princess, skrybe_limestone_x
D:2:      layout_loops_ring, serial_rivers, chequers_serial_rivers_small_b,
          chequers_serial_rivers_small_b, chequers_serial_rivers_micro_a,
          chequers_serial_rivers_micro_b, hangedman_abyss_or_decor_lesser_grid,
          hangedman_decor_peaks_small, minmay_tetromino_t2, uniq_sigmund
D:3:      layout_basic, okawaru_gym_becter, ebering_ghost_reflecting_pool,
          roderic_batcave, minivault_4, kennysheep_generic_room_3
D:4:      layout_basic, ebering_ghost_reflecting_pool, serial_shops, shop,
          dk_noncrumbling_4
D:5:      layout_cave_pools, serial_column_ruins, column_ruins_grid_4,
          column_ruins_open_tiny, column_ruins_open_small, uniq_eustachio
D:6:      layout_cave_pods, minmay_temple_entry_stoned_glass, serial_gnoll_camp,
          gnoll_camp_mini_doghouse, gnoll_camp_mini_basic, gnoll_camp_medium_01,
          gnoll_camp_mini_loothouse
D:7:      layout_rooms, serial_shops, shop, nicolae_grassy_gnolls
D:8:      layout_basic, mainiacjoe_overflow_paths, mainiacjoe_overflow_24_doors,
          grunt_lair_entry_orc_guard_hut, enter_ossuary_2
D:9:      layout_big_octagon, nicolae_yredelemnul_corpse_copse, serial_demonic,
          serial_demonic_g, serial_demonic_a, serial_demonic_a,
          serial_demonic_c, uniq_pikel
Temple:   nicolae_temple_elliptical
Lair:1:   layout_roguey, grunt_megastairs_3, serial_bayou_shore_b,
          lemuel_fruit_fields
Lair:2:   layout_gridlike, nicolae_spider_entry_lesser_pyramids, uniq_urug
Lair:3:   layout_misc_corridors, palyth_hydra_swamp_entry,
          grunt_forest_stairs_basic
Lair:4:   layout_regular_city, lemuel_fruit_tree, grunt_megastairs_1,
          serial_bayou_shore_a
Lair:5:   hellmonk_lair_end_abyssal_woods, layout_regular_city,
          dpeg_slime_entry_enclosed, grunt_forest_small_clearing_treed,
          uniq_rupert
Swamp:1:  layout_basic_swamp, evilmike_swamp_ruin_rubble_1, uniq_frances,
          uniq_nikola
Swamp:2:  layout_falls_marsh, hangedman_swamp_ruin_hall
Spider:1: nicolae_spider_mines_1

Skill      XL: |  1  2  3  4  5  6  7  8  9 10 11 12 13 14 15 |
---------------+----------------------------------------------+-----
Summonings     | 4 6 |  6.8
Spellcasting   | 3 6 7 8 9 10 12 14 15 | 15.0
Fighting       | 1 2 4 5 |  5.0
Dodging        | 2 3 4 |  4.0
Stealth        | 2 3 4 |  4.0
Shields        | 2 4 5 7 |  7.5
Necromancy     | 3 8 10 12 13 14 | 14.2
Hexes          | 4 |  4.0
Earth Magic    | 6 |  6.0
Ice Magic      | 2 4 8 |  8.0
Polearms       | 2 5 6 |  6.0

Action                     |  1- 3 |  4- 6 |  7- 9 | 10-12 | 13-15 || total
---------------------------+-------+-------+-------+-------+-------++-------
  Melee: Unarmed           |     5 |       |       |       |       ||     5
         Dagger            |    39 |     8 |       |       |       ||    47
         Spear             |       |    16 |   336 |   144 |       ||   496
         Punch             |       |     1 |       |       |       ||     1
         Trident           |       |       |       |    74 |   220 ||   294
  Throw: Dart              |       |       |       |     7 |    22 ||    29
         Throwing net      |       |       |       |     7 |     2 ||     9
   Cast: Summon Small Mamm |    15 |     2 |     2 |       |       ||    19
         Call Imp          |     4 |     1 |    21 |    11 |     3 ||    40
         Call Canine Famil |     5 |    11 |    41 |    25 |     6 ||    88
         Summon Guardian G |       |     4 |    22 |    19 |    11 ||    56
         Animate Dead      |       |       |     2 |    14 |    10 ||    26
         Anguish           |       |       |       |    28 |     1 ||    29
         Borgnjor's Vile C |       |       |       |    11 |    31 ||    42
         Vampiric Draining |       |       |       |    12 |    11 ||    23
         Simulacrum        |       |       |       |     2 |    54 ||    56
 Invoke: Unearth Wretches  |       |       |       |     2 |     6 ||     8
         Receive Forbidden |       |       |       |       |     1 ||     1
  Evoke: Wand              |       |       |       |     3 |     5 ||     8
         Tin of tremorston |       |       |       |       |     2 ||     2
    Use: Scroll            |       |       |     5 |    10 |     9 ||    24
   Stab: Sleeping          |     1 |       |       |     3 |     1 ||     5
         Distracted        |       |       |     8 |     1 |     4 ||    13
         Paralysed         |       |       |       |       |     1 ||     1
 Armour: Robe              |    10 |    21 |    20 |       |       ||    51
         Leather armour    |       |       |    95 |    51 |    90 ||   236
  Dodge: Dodged            |    61 |    39 |   186 |   155 |   201 ||   642
  Block: Other             |       |     6 |     7 |       |       ||    13
         Reflection        |       |     1 |    13 |     2 |     1 ||    17
         Buckler           |       |       |   172 |   142 |   185 ||   499
